 Dungeon Crawl Stone Soup version 0.20.1-1-g8b1a95d (webtiles) character file.

16 Harlock the Stinger (level 2, -2/15 HPs)
             Began as a Gargoyle Venom Mage on Aug 29, 2017.
             Slain by a hobgoblin
             ... wielding a cursed +0 hand axe
              (6 damage)
             ... on level 1 of the Dungeon.
             The game lasted 00:03:26 (915 turns).

Harlock the Stinger (Gargoyle Venom Mage)            Turns: 915, Time: 00:03:28

Health: -2/15      AC:  5    Str: 11    XL:     2   Next: 58%
Magic:  5/5        EV: 12    Int: 15    God:
Gold:   36         SH:  0    Dex: 10    Spells: 4/5 levels left

rFire    + . .     SeeInvis .   i - +0 dagger
rCold    x . .     Gourm    .   (no shield)
rNeg     + . .     Faith    .   a - +0 robe
rPois    ∞         Spirit   .   (no helmet)
rElec    +         Reflect  .   p - scarf {cloud immunity}
rCorr    .         Harm     .   (no gloves)
MR       .....                  h - +0 pair of boots
Stlth    ++........             (no amulet)
Regen    0.1/turn               j - ring of fire
MPRegen  0.1/turn               (no ring)

@: no status effects
A: negative energy resistance 1, electricity resistance, unbreathing,
petrification resistance, rot immunity, AC +2
a: no special abilities


You were on level 1 of the Dungeon.
You were not hungry.

You visited 1 branch of the dungeon, and saw 1 of its levels.

You collected 36 gold pieces.

Inventory:

Hand Weapons
 i - a +0 dagger (weapon)
Armour
 a - a +0 robe (worn)
 h - a +0 pair of boots (worn)
 p - a scarf of cloud immunity (worn)
Jewellery
 j - a ring of fire (left hand)
Scrolls
 d - a scroll of identify {unknown}
 e - a scroll of remove curse {unknown}
 g - a scroll of random uselessness {unknown}
 o - 2 scrolls of teleportation {unknown}
Potions
 k - a potion of brilliance {unknown}
 m - a potion of curing {unknown}
 q - a potion of experience {unknown}
Books
 b - a Young Poisoner's Handbook

   Spells                             Type                      Level
   a - Sting                          Conjuration/Poison           1
   b - Poisonous Vapours              Poison/Air                   2
   c - Mephitic Cloud                 Conjuration/Poison/Air       3
   d - Olgreb's Toxic Radiance        Poison                       4
   e - Venom Bolt                     Conjuration/Poison           5
Comestibles
 c - a bread ration
 f - a meat ration
 l - a royal jelly


   Skills:
 + Level 0.2 Fighting
 + Level 0.1 Short Blades
 + Level 2.0 Dodging
 + Level 2.5 Stealth
 + Level 0.4 Unarmed Combat
 + Level 2.0 Spellcasting
 + Level 1.1 Conjurations
 + Level 3.1 Poison Magic


You had 4 spell levels left.
You knew the following spells:

 Your Spells              Type           Power        Failure   Level  Hunger
a - Sting                 Conj/Pois      #...         10%         1    #......


Dungeon Overview and Level Annotations

Branches:
Dungeon (1/15)

Altars:


Innate Abilities, Weirdness & Mutations

You are resistant to torment.
Your stone body is resilient. (AC +2)
You are immune to poison.
You resist negative energy. (rN+)
You are resistant to electric shocks. (rElec)
You can survive without breathing.
You are immune to petrification.
You are immune to rotting.


Message History

The hobgoblin misses you. The hobgoblin barely misses you.
You hit the hobgoblin but do no damage. The hobgoblin barely misses you.
You hit the hobgoblin but do no damage. The hobgoblin hits you with a hand axe.
You hit the hobgoblin.
The hobgoblin is heavily wounded.
The hobgoblin hits you with a hand axe. x2
* * * LOW HITPOINT WARNING * * *
You are too injured to fight recklessly!
You are too injured to fight recklessly!
You are too injured to fight recklessly!
You are too injured to fight recklessly!
You are too injured to fight recklessly!
You are too injured to fight recklessly!
You are too injured to fight recklessly!
You are too injured to fight recklessly!
You are too injured to fight recklessly!
You are too injured to fight recklessly!
You are too injured to fight recklessly!
The hobgoblin hits you with a hand axe.
You die...

#.##.# .##.#♣...≈≈#.
#.##.# .......#♣♣...≈#.
#.##.# #...#..# ♣♣..≈##
#.##.# #...#..# ##'##
#.##.# #...#..#####.###
#.##.# #...#...........
#.##.# ...#...........
#.#####(#)..........
#..@......(...†.....
#.....g............)...
#......................
#......................
#..####################
#.. #. #


You could see a hobgoblin.

Vanquished Creatures
  3 bats (D:1)
  5 goblins (D:1)
  A hobgoblin (D:1)
  A ball python (D:1)
  A frilled lizard (D:1)
  2 kobolds (D:1)
  3 rats (D:1)
16 creatures vanquished.

Notes
Turn   | Place    | Note
-------+----------+-------------------------------------------
     0 | D:1      | Harlock the Gargoyle Venom Mage began the quest for the Orb.
     0 | D:1      | Reached XP level 1. HP: 10/10 MP: 3/3
   633 | D:1      | Reached XP level 2. HP: 11/15 MP: 5/5
   915 | D:1      | Slain by a hobgoblin

Skill      XL: |  1  2 |
---------------+-------+-----
Dodging        | 2 |  2.0
Fighting       | |  0.2
Short Blades   | |  0.1
Stealth        | |  2.5
Unarmed Combat | |  0.4
Spellcasting   | |  2.0
Conjurations   | |  1.1
Poison Magic   | |  3.1

Action                   || total
-------------------------++-------
Melee: Unarmed           ||    62
       Dagger            ||    45
 Stab: Sleeping          ||     1
Armor: Robe              ||    63
Dodge: Dodged            ||   105
